[Event "Krakow Championship-A 2022"]
[Site "Krakow"]
[Date "2022.06.26"]
[Round "2.15"]
[White "Gahan M G"]
[Black "Lye, Lik Zang"]
[Result "1/2-1/2"]
[ECO "B22"]
[WhiteElo "2248"]
[BlackElo "2358"]
[Annotator "TA"]
[PlyCount "146"]
[EventDate "2022.06.25"]
[EventType "swiss"]
[EventCountry "POL"]
[SourceTitle "playchess.com"]
[Source "ChessBase"]
[SourceQuality "1"]
[TimeControl "40/5400+30:1800+30"]

1. e4 c5 2. c3 d5 3. exd5 Qxd5 4. d4 Nc6 5. Nf3 Bg4 6. dxc5 Qxd1+ 7. Kxd1 O-O-O+ {[%emt 0:00:24] B22: Sicilian: 2 c3.} 8. Ke1 Nf6 9. Be3 e5 {[%emt 0:06:01][%cal Be7e5,Be5e4][%mdl 32] [#]} 10. Bb5 $146 (10. Nbd2 $142) ({Predecessor:} 10. b4 Nd5 11. h3 Bh5 12. a3 f5 13. g4 Bg6 14. Bg5 Re8 15. Bc4 e4 16. Nd4 {1-0 (47) Benet Catala,A (2145)-Regue Farran,E (1972) Tarragona 2018}) 10... e4 11. Bxc6 bxc6 12. Nfd2 (12. Nd4 $11) 12... Nd5 $1 $15 {[%emt 0:02:28][%mdl 1024] Black has compensation.} 13. h3 Bh5 $36 {[%emt 0:04:58][%mdl 2048] Black has the initiative.} 14. Bd4 f5 (14... Nf4 $15 {is more appropriate.}) 15. Nc4 (15. Kf1 $11) 15... Nf4 16. g4 fxg4 17. hxg4 Nd3+ 18. Ke2 (18. Kf1 $15 Bxg4 19. Nbd2) 18... Bxg4+ $19 19. Ke3 Bf3 ({Black should try} 19... Bxc5 $17 20. Rg1 Bh5) 20. Rh3 (20. Nbd2 $5 Bxh1 21. Rxh1 Nxc5 22. Ne5 $15) 20... Ne1 21. Kd2 {[%emt 0:04:44] Inhibits Nc2.} Bg4 (21... Ng2 $15 22. b4 Nf4 23. Rxf3 exf3) 22. Rg3 $11 {[%emt 0:02:59] Dancing on a razor blade.} Nf3+ 23. Ke3 $1 h5 {[%emt 0:01:32][%cal Of8c5] Strongly threatening ...Bxc5!} 24. Nbd2 Nh4 25. Rgg1 Be7 26. Nxe4 {[%emt 0:01:03] aiming for Ne5. Pair of Knights!} ({Don't blunder} 26. Nd6+ $2 Bxd6 27. cxd6 Rxd6 $19) 26... Rhe8 {[%emt 0:00:52] [#]} ({But not} 26... Nf5+ 27. Kd3 $16) 27. Rxg4 $1 hxg4 28. Kf4 Rf8+ 29. Kxg4 {[%emt 0:00:05] Black must now prevent Ned6+. Active counter play!} Nf5 {[%emt 0:01:02] Against Ned6+} 30. Be5 Rd3 31. Bf4 (31. Rh1 $11 {keeps the balance.}) 31... Nh6+ $1 $17 32. Bxh6 gxh6 33. Rh1 {[%emt 0:07:34] [#]} (33. Ne3 $17) 33... Rdf3 $1 $19 34. Ncd2 $2 {[%emt 0:02:08] [#]} (34. Ncd6+ Bxd6 35. Nxd6+ Kb8 36. Rh2 (36. Rxh6 $2 Rxf2 37. b4 Rg8+ 38. Kh3 Rf3+ 39. Kh2 Rxc3 $19)) 34... R3f4+ $2 (34... h5+ $1 $19 35. Kxh5 R3f4) 35. Kg3 $11 Bg5 36. Rh5 Kd7 37. b4 R4f5 38. Nxg5 hxg5 {[%emt 0:00:28][%mdl 4096] Endgame KRR-KRN} 39. Ne4 Rf3+ 40. Kg2 R3f4 41. Rh7+ Ke6 42. Nxg5+ Kd5 {[%emt 0:00:00] Hoping for ...Rg4+.} (42... Ke5 $5 43. Kg3 Rxf2 $15) 43. f3 {[%emt 0:00:00] Inhibits Rg4+.} R4f5 (43... a5 $5 ) 44. Rg7 Ke5 {[%emt 0:00:00] Threatens to win with ...Kf6.} 45. Rg6 R8f6 {[%emt 0:00:00] Inhibits Re6+.} 46. Rg8 Kf4 47. Ne4 Rf8 48. Rxf8 Rxf8 {[%emt 0:00:00] KR-KN} 49. a4 Ke3 50. b5 Rg8+ 51. Kf1 $1 Kxf3 52. Nd6 cxb5 53. axb5 Rg5 54. Nb7 Rd5 55. Ke1 {[%emt 0:00:00] Inhibits Rd1+. The position is equal.} Ke3 56. c4 Rh5 (56... Rg5 $5 57. Kf1 Rf5+ 58. Ke1 Kd4 $11) 57. Kf1 $1 Kd4 58. c6 {[%emt 0:04:47] And now c7 would win.} Rh7 59. c5 {[%emt 0:02:09] b6 is the strong threat.} Kd5 60. Nd8 Kxc5 61. c7 $1 {[%emt 0:00:25][%mdl 64] Decoy} Rxc7 62. Ne6+ Kb6 {[%emt 0:00:14] ( -> ...Rf7+)} 63. Nxc7 Kxc7 {[%emt 0:00:02] KP-KP} 64. Ke2 Kb6 65. Kd3 Kxb5 {[%emt 0:00:04] KP-K} 66. Kc2 a5 67. Kb3 a4+ 68. Ka3 Ka5 69. Ka2 Kb4 70. Kb2 a3+ 71. Ka2 Ka4 72. Kb1 Kb3 73. Ka1 a2 {[%emt 0:00:09] Weighted Error Value: White=0.28 (precise) /Black=0.19 (very precise)} 1/2-1/2

[Event "Krakow Championship-A 2022"]
[Site "Krakow"]
[Date "2022.06.26"]
[Round "2.16"]
[White "Seemann, Jakub"]
[Black "Turski, Bartlomiej"]
[Result "1-0"]
[ECO "D72"]
[WhiteElo "2363"]
[BlackElo "2192"]
[Annotator "TA"]
[PlyCount "85"]
[EventDate "2022.06.25"]
[EventType "swiss"]
[EventCountry "POL"]
[SourceTitle "playchess.com"]
[Source "ChessBase"]
[SourceQuality "1"]
[TimeControl "40/5400+30:1800+30"]

1. d4 Nf6 2. c4 g6 3. g3 Bg7 4. Bg2 d5 5. cxd5 Nxd5 6. e4 Nb6 7. Ne2 O-O 8. O-O c5 {[%emt 0:04:58] D72: Fianchetto Grünfeld: 5 cxd5 Nxd5 6 e4 Nb6 (without Nf3).} 9. dxc5 {[%emt 0:00:06] aiming for Qxd8.} Qxd1 10. Rxd1 Na4 {[%emt 0:03:15] White is better.} 11. Nbc3 Nxc5 12. Be3 Nca6 {[%emt 0:01:37] [#]} 13. a3 $146 {[%emt 0:06:03] White is more active.} ({Predecessor:} 13. f4 Nc6 14. e5 f6 15. exf6 Bxf6 16. Rd2 Be6 17. Nd5 Bxd5 18. Bxd5+ Kg7 19. Bxc6 bxc6 {½-½ (39) Delorme,A (2488)-Jerez Perez,A (2373) Catalunya 2014}) 13... Bg4 14. f3 Be6 15. b4 Nd7 {[%emt 0:02:31] [#]} (15... Nc7 $142) 16. Nd4 (16. f4 $1 $16) 16... Ne5 17. Nd5 (17. Bf2 $16) 17... Bxd5 $11 18. exd5 Nc7 19. Bf2 Rad8 20. Nb3 Nc4 (20... Rxd5 21. f4 Rd3 22. Rab1 Rxd1+ 23. Rxd1 $16) 21. Rac1 b5 (21... Nb2 $5 22. Rd2 Nxd5 $14) 22. Na5 Bb2 ({Black should play} 22... Rxd5 $14 23. Nc6 (23. Nxc4 Rxd1+ 24. Rxd1 bxc4 $15) 23... Bf6) 23. Rxc4 ({White should try} 23. Rc2 $16 Bxa3 24. Nc6 (24. Nxc4 bxc4 25. f4 Bxb4 $14)) 23... bxc4 24. Nxc4 Bf6 25. f4 a6 (25... Rc8 $11) 26. Bf3 (26. a4 $14) 26... Nb5 27. Bc5 Rfe8 28. Kf2 e5 $2 {[%emt 0:04:35] White stays focused until the end.} (28... Nc3 $11 {and Black has nothing to worry.} 29. Rd3 Na4) 29. fxe5 $18 ({Stronger than} 29. Nxe5 Bxe5 30. fxe5 Rxe5 $11) 29... Bxe5 {[%emt 0:00:03] [#]} 30. d6 $1 {[%emt 0:00:11] d7 is the strong threat.} Re6 31. d7 ({White has to play} 31. Nxe5 $18 Rxe5 32. Rd3 (32. d7 Nc3 $18)) 31... Nc3 (31... Bb8 $16 {is a better defense.} 32. Na5 Bd6) 32. Rd3 {[%emt 0:01:22][%mdl 1024] White has strong compensation.} Na4 33. Be3 {[%emt 0:01:43] Black must now prevent Bg4. A strong pair of Bishops.} Bf6 34. Bf4 {[%emt 0:02:14] Hoping for Bc7.} Kf8 $2 (34... Nb2 35. Nxb2 Bxb2) 35. Bc7 {[%emt 0:00:53] White is clearly winning.} h5 36. Na5 Nb2 37. Rd2 Bc3 38. Rd5 Bf6 39. Nb7 Ra8 40. Nc5 Bd8 41. Nxe6+ fxe6 42. Rd2 Bxc7 43. Bxa8 {[%emt 0:00:05] Weighted Error Value: White=0.20 (precise) /Black=0.44} 1-0

[Event "Krakow Championship-A 2022"]
[Site "Krakow"]
[Date "2022.06.26"]
[Round "2.17"]
[White "Jacobsen, Mikkel Manosri"]
[Black "Zwardon, Vojtech"]
[Result "0-1"]
[ECO "D26"]
[WhiteElo "2251"]
[BlackElo "2482"]
[Annotator "TA"]
[PlyCount "58"]
[EventDate "2022.06.25"]
[EventType "swiss"]
[EventCountry "POL"]
[SourceTitle "playchess.com"]
[Source "ChessBase"]
[SourceQuality "1"]
[TimeControl "40/5400+30:1800+30"]

1. d4 Nf6 2. Nf3 e6 3. c4 d5 4. e3 dxc4 5. Bxc4 a6 6. a4 b6 {[%emt 0:00:04] D26: Queen's Gambit Accepted: 4 e3 e6 5 Bxc5 c5 sidelines.} 7. O-O Bb7 8. Qe2 c5 {[%emt 0:02:23] The position is equal.} 9. Rd1 Qc7 10. Nc3 Be7 11. dxc5 Bxc5 {[%emt 0:02:40] [#]} 12. Bd2 $146 ({Predecessor:} 12. b3 Nc6 13. Bb2 O-O 14. Na2 Qe7 15. Ne5 Na5 16. h3 b5 17. Bc3 bxc4 18. Bxa5 cxb3 {0-1 (31) Turay,G (1907)-Kovacs,L (2043) Hungary 2010}) 12... Nbd7 13. Rac1 O-O {[%emt 0:06:34] Hoping for ...Ng4.} 14. Ba2 (14. Bd3 $5 ) 14... Ng4 15. h3 Bxf3 16. Qxf3 Qh2+ 17. Kf1 Nge5 ({Resist} 17... Nde5 18. Qf4 Qxf4 19. exf4 $14) 18. Qg3 Qxg3 19. fxg3 Nd3 20. Rb1 Nf6 21. g4 h6 22. Ke2 Rfd8 23. Rf1 (23. Bc4 $11 Ne5 24. Bb3) 23... b5 $15 24. axb5 axb5 {[%emt 0:00:37] [#] White must now prevent ...b4.} 25. Bb3 b4 $36 {[%emt 0:01:21][%mdl 2048] Black is more active.} 26. Nd1 {[%emt 0:00:57][%mdl 8192] This move loses the game for White.} (26. Na4 $11) 26... Ne4 $19 {[%emt 0:00:51][%cal Bf6e4,Be4d2,Bd2f3][%mdl 32] Pair of Knights!} 27. Rf3 {[%emt 0:02:39] Against Ng3+} Nf4+ 28. exf4 {[%emt 0:02:17] [#] Threatens to win with Be1.} Nxd2 29. Rc1 Nxf3 {[%emt 0:00:07] Weighted Error Value: White=0.39/Black=0.10 (very precise)} 0-1

[Event "Krakow Championship-A 2022"]
[Site "Krakow"]
[Date "2022.06.26"]
[Round "2.18"]
[White "Michalicka, Milan"]
[Black "Malicka, Maria"]
[Result "1-0"]
[ECO "D85"]
[WhiteElo "2222"]
[BlackElo "2377"]
[Annotator "TA"]
[PlyCount "107"]
[EventDate "2022.06.25"]
[EventType "swiss"]
[EventCountry "POL"]
[SourceTitle "playchess.com"]
[Source "ChessBase"]
[SourceQuality "1"]
[TimeControl "40/5400+30:1800+30"]

1. d4 Nf6 2. c4 g6 3. Nc3 d5 4. cxd5 Nxd5 5. e4 Nxc3 6. bxc3 Bg7 7. Nf3 c5 8. Be3 Qa5 9. Qd2 Nc6 10. Rb1 a6 11. Rc1 cxd4 12. cxd4 Qxd2+ 13. Kxd2 e6 14. Bc4 {[%emt 0:04:42] D85: Exchange Grünfeld: Unusual White 7th moves and lines with 7 Nf3.} O-O 15. Rhd1 Bd7 16. Ke2 {[%emt 0:01:25] The position is equal.} Na5 17. Bd3 Ba4 18. Re1 {[%emt 0:05:17] [#]} Rac8 $146 ({Predecessor:} 18... Nc6 19. Rb1 Rfd8 20. Rxb7 Nxd4+ 21. Bxd4 Bxd4 22. Rb4 Bc3 23. Rxa4 Bxe1 24. Nxe1 a5 {1-0 (31) Munoz Avila,J (2146)-Garrido Legarreta,J (2006) Getxo 2019}) 19. Rxc8 Rxc8 20. Rc1 Rxc1 21. Bxc1 Nc6 22. Bb2 b5 23. Ke3 Bh6+ 24. Ke2 Bg7 25. Ke3 Bh6+ 26. Ke2 f5 (26... Bg7 $11) 27. exf5 ({White should try} 27. d5 $16 exd5 28. exf5 (28. exd5 Nb4 $11)) 27... exf5 $11 28. Ne1 Kf7 29. Bb1 Ke6 30. Nd3 Kd5 31. Nc5 $1 Bg7 32. Nxa4 {[%emt 0:01:35] [#] Hoping for Nb6+.} bxa4 {[%emt 0:00:01][%mdl 4096] Endgame KBB-KBN} 33. Bc2 Bxd4 34. Bc1 Ne5 35. Bxa4 Ng4 36. Bb3+ {[%emt 0:00:29] A strong pair of Bishops.} Ke5 {[%emt 0:00:12] [#]} (36... Kc5 $14) 37. f3 $1 $16 Nf6 38. Kd3 Ba1 39. Bc4 Nd5 40. Bd2 a5 $2 {[%emt 0:00:56] This move loses the game for Black.} (40... Nf4+ $14 41. Bxf4+ Kxf4) 41. Bxd5 $18 ({Not} 41. Bxa5 Nf4+ 42. Kd2 Nxg2 $16) 41... Kxd5 42. Bxa5 {[%emt 0:00:11] Bc3 is the strong threat. KB-KB} Be5 43. h3 g5 $2 (43... Kc5 44. a4 Bg3) 44. g4 fxg4 45. hxg4 Bd6 46. Bd2 h6 47. Bc3 Ke6 48. Ke4 {[%emt 0:00:00] White threatens a4 and mate.} Ba3 49. Ba1 Kf7 50. Kf5 Bb4 51. a4 Bd2 52. Bd4 Ba5 53. Be5 Bb4 54. Bc7 {[%emt 0:00:00] Weighted Error Value: White=0.06 (flawless) /Black=0.44} (54. Bf6 $142 Ba5 55. Be5) 1-0

[Event "Krakow Championship-A 2022"]
[Site "Krakow"]
[Date "2022.06.26"]
[Round "2.19"]
[White "Holtel, Jasper"]
[Black "Kvaloy, Aksel Bu"]
[Result "1-0"]
[ECO "A06"]
[WhiteElo "2347"]
[BlackElo "2296"]
[Annotator "TA"]
[PlyCount "53"]
[EventDate "2022.06.25"]
[EventType "swiss"]
[EventCountry "POL"]
[SourceTitle "playchess.com"]
[Source "ChessBase"]
[SourceQuality "1"]
[TimeControl "40/5400+30:1800+30"]

1. Nf3 d5 2. g3 g6 3. Bg2 Bg7 4. c4 dxc4 5. O-O Nc6 6. Na3 e5 7. Nxc4 Nge7 8. d3 O-O {[%emt 0:01:03] A20: English Opening: 1...e5.} 9. Rb1 h6 10. b4 Nd5 {[%emt 0:01:47] [#]} (10... a6 $14) 11. Bb2 $146 ({Predecessor:} 11. Bd2 a6 12. a4 Re8 13. Qc1 Kh7 14. Ne3 Nde7 15. Re1 Be6 16. Bc3 Nd4 17. Qb2 {1-0 (30) Clari Mascarell,J-Garcia Fernandez,C (2360) Mislata 1994}) 11... e4 12. dxe4 Ndxb4 {[%emt 0:01:13] [#]} 13. Qb3 Be6 {[%emt 0:09:42] Strongly threatening ...Bxb2.} 14. Bxg7 Kxg7 15. a3 Na6 {[%emt 0:18:13][%mdl 8192] Loses the game.} (15... Kh7 $16 {was worth a try.}) 16. Qxb7 $18 Bxc4 {[%emt 0:01:14] White is clearly winning.} 17. Qxc6 Bxe2 18. Rfe1 Bxf3 19. Bxf3 Qd6 20. Qc3+ Kg8 21. e5 Qc5 22. Qxc5 Nxc5 23. Bxa8 Rxa8 24. Rb5 Ne6 25. Reb1 Rd8 26. Rb8 {[%emt 0:00:09] [#] Threatens to win with Rxd8+.} Kf8 27. R1b7 {[%emt 0:02:33] Weighted Error Value: White=0.01 (flawless) /Black=0.41} 1-0

[Event "Krakow Championship-A 2022"]
[Site "Krakow"]
[Date "2022.06.26"]
[Round "2.20"]
[White "Liu, Casper"]
[Black "Sieber, Fiona"]
[Result "1-0"]
[ECO "A04"]
[WhiteElo "2218"]
[BlackElo "2264"]
[Annotator "TA"]
[PlyCount "73"]
[EventDate "2022.06.25"]
[EventType "swiss"]
[EventCountry "POL"]
[SourceTitle "playchess.com"]
[Source "ChessBase"]
[SourceQuality "1"]
[TimeControl "40/5400+30:1800+30"]

1. Nf3 c5 2. g3 Nc6 3. d4 cxd4 4. Nxd4 g6 5. Bg2 Bg7 6. c3 d5 {[%emt 0:04:22] A04: Unusual lines after 1 Nf3 and King's Indian Attack.} 7. O-O Nf6 8. Qb3 O-O {[%emt 0:01:09] The position is equal.} 9. Rd1 e6 {[%emt 0:06:32] [#]} 10. Na3 $146 ({Predecessor:} 10. e4 Nxd4 11. Rxd4 Nxe4 12. Rd1 Nc5 13. Qc2 b5 14. Be3 Qd6 15. Na3 Bd7 16. Qe2 {0-1 (68) Torwelle,M (1556)-Raulf,C (1575) Syke 2004}) 10... Qe7 11. c4 Nxd4 12. Rxd4 e5 13. Rd1 d4 14. e3 Nd7 15. exd4 exd4 16. Bf4 Nc5 17. Qb4 {[%emt 0:00:08] Hoping for Nb5.} a5 18. Qb6 (18. Qd2 $5 ) 18... Ra6 19. Qc7 Qxc7 20. Bxc7 d3 21. Nb5 Bg4 22. Rd2 Rc8 ({Black should play} 22... Re8 $11) 23. Re1 Be2 (23... Be6 $11) 24. Bf4 $14 Rb6 25. Be3 Bf8 26. Nc3 Rb4 (26... Bg4 $16) 27. b3 a4 28. Nd5 ({Don't do} 28. Nxe2 dxe2 29. bxa4 (29. Rdxe2 axb3 30. axb3 Rxb3 $16) 29... Rxc4 $16) 28... Ne6 29. c5 Rb5 {[%emt 0:01:11] [#]} (29... Rd4 $142) 30. b4 $1 $18 (30. bxa4 Ra5 $14) 30... a3 31. Be4 Nc7 {[%emt 0:00:16] ...Nxd5 is the strong threat.} 32. Nxc7 Rxc7 33. Bxd3 Bxd3 34. Rxd3 {Black must now prevent Rd8.} Rxb4 $2 (34... Kg7 35. Bd4+ (35. Rxa3 Rxb4 36. Rc1 Be7 $16) 35... f6) 35. Rd8 {[%emt 0:00:14] White threatens Bh6 and mate.} Re7 {[%emt 0:02:11] [#]} (35... Kg7 $18 36. Rxf8 Rb2) 36. Bh6 $1 Rxe1+ 37. Kg2 {[%emt 0:00:25] Weighted Error Value: White=0.05 (flawless) /Black=0.48} 1-0

[Event "Krakow Championship-A 2022"]
[Site "Krakow"]
[Date "2022.06.26"]
[Round "2.21"]
[White "Trybus, Daniel"]
[Black "Pniaczek, Marek"]
[Result "0-1"]
[ECO "A05"]
[WhiteElo "2145"]
[BlackElo "2298"]
[Annotator "TA"]
[PlyCount "72"]
[EventDate "2022.06.25"]
[EventType "swiss"]
[EventCountry "POL"]
[SourceTitle "playchess.com"]
[Source "ChessBase"]
[SourceQuality "1"]
[TimeControl "40/5400+30:1800+30"]

1. Nf3 Nf6 2. g3 d5 3. Bg2 Bf5 4. O-O e6 5. d3 h6 6. Nbd2 Be7 7. Qe1 O-O 8. e4 dxe4 {[%emt 0:01:36] A07: Réti Opening: New York and Capablanca Systems.} 9. dxe4 Bh7 10. Qe2 c6 {[%emt 0:04:07] The position is equal.} 11. Rd1 Nbd7 12. e5 Nd5 {[%emt 0:01:50][%cal Bf6d5,Bd5c3,Bc3e2][%mdl 32] [#]} 13. Ne4 $146 (13. c4 {might be stronger.} N5b6 14. Ne4) ({Predecessor:} 13. c4 Nb4 14. Ne4 a5 15. Bf4 Bxe4 16. Qxe4 Nc5 17. Qe2 Qb6 18. Be3 Rfd8 19. Nd4 {1-0 (37) Vasiukov,E (2455)-Bykhovsky,A (2354) Suzdal 2011}) 13... b5 $11 14. b3 Bxe4 15. Qxe4 Nc3 16. Qg4 {[%emt 0:00:28][%cal Oc1h6] aiming for Bxh6!} Ne2+ {[%emt 0:30:50] Pair of Knights!} ({But not} 16... Nxd1 17. Bxh6 g6 18. Rxd1 $16) 17. Kf1 Nxc1 18. Raxc1 Qc7 19. Re1 Rad8 20. Rcd1 (20. c4 $5 ) 20... Bc5 21. Qf4 Nb6 22. g4 {[%emt 0:05:22] Black converts the advantage convincingly.} ({White should try} 22. Nd4 $15) 22... Nd5 $17 23. Qg3 {[%emt 0:00:36] [#]} (23. Qc1 $17) 23... Bb4 $1 $19 24. Re4 $2 {[%emt 0:03:19] [#]} (24. c4 {might work better.} bxc4 25. bxc4 Bxe1 26. cxd5) 24... Ne3+ $1 25. fxe3 Rxd1+ 26. Ke2 {[%emt 0:00:11] [#]} Rc1 27. Rxb4 Rxc2+ 28. Kf1 Rc1+ ({Stronger than} 28... Rxa2 29. g5 h5 30. Kg1 $17) 29. Ne1 c5 30. Rxb5 (30. Rf4 Qa5 31. b4 cxb4 32. Qf2) 30... Qd7 {[%emt 0:00:52] Black is clearly winning.} 31. Rb7 {[%emt 0:07:41] [#]} Qd3+ $1 32. Kg1 Qd2 33. Qf2 Rxe1+ 34. Bf1 Qd1 {[%emt 0:01:00] Threatens to win with ...f6.} 35. Kg2 Qxg4+ 36. Qg3 Qe4+ {[%emt 0:00:07] Weighted Error Value: White=0.54/Black=0.04 (flawless)} 0-1

[Event "Krakow Championship-A 2022"]
[Site "Krakow"]
[Date "2022.06.26"]
[Round "2.22"]
[White "Goroshkov, Maksym"]
[Black "Easwaralingam, Adesh"]
[Result "1/2-1/2"]
[ECO "B22"]
[WhiteElo "2226"]
[BlackElo "2116"]
[Annotator "RC"]
[PlyCount "77"]
[EventDate "2022.06.25"]
[EventType "swiss"]
[EventCountry "POL"]
[SourceTitle "playchess.com"]
[Source "ChessBase"]
[SourceQuality "1"]
[TimeControl "40/5400+30:1800+30"]

1. e4 c5 2. c3 Nf6 3. e5 Nd5 4. Bc4 Nb6 5. Bb3 c4 6. Bc2 Nc6 7. Nf3 d5 8. exd6 Qxd6 9. d4 cxd3 10. Qxd3 Bg4 11. Qxd6 exd6 12. Nbd2 O-O-O 13. O-O h6 14. h3 Be6 15. Nb3 d5 16. Nbd4 Bd6 17. a4 a6 18. Bd3 Nxd4 19. Nxd4 Be5 20. Re1 Bxd4 21. cxd4 Nc4 22. b3 Nd6 23. Bf4 Kd7 24. Rac1 Rc8 25. Rc5 Ne4 26. Bxe4 Rxc5 27. dxc5 dxe4 28. b4 Bb3 29. b5 Bxa4 30. c6+ Kc8 31. cxb7+ Kxb7 32. bxa6+ Kxa6 33. Rxe4 Bc6 34. Re7 Bd5 35. Be5 Rg8 36. Bd4 Kb5 37. Rc7 Be6 38. f4 g6 39. Rc5+ 1/2-1/2

[Event "Krakow Championship-A 2022"]
[Site "Krakow"]
[Date "2022.06.26"]
[Round "3.1"]
[White "Pechac, Jergus"]
[Black "Warakomski, Tomasz"]
[Result "0-1"]
[ECO "E54"]
[WhiteElo "2597"]
[BlackElo "2534"]
[Annotator "TA"]
[PlyCount "160"]
[EventDate "2022.06.25"]
[EventType "swiss"]
[EventCountry "POL"]
[SourceTitle "playchess.com"]
[Source "ChessBase"]
[SourceQuality "1"]
[TimeControl "40/5400+30:1800+30"]

1. d4 Nf6 2. c4 e6 3. Nc3 Bb4 4. e3 O-O 5. Bd3 d5 6. Nf3 dxc4 7. Bxc4 c5 8. O-O cxd4 9. exd4 b6 10. Qa4 {[%emt 0:00:08] E54: Nimzo-Indian: Rubinstein: Main Line: 7...dxc4 8 Bxc4.} Be7 11. Be3 {[%emt 0:00:09] [#]} Qe8 $146 ({Predecessor:} 11... Bb7 12. Ne5 a6 13. Qb3 b5 14. Nxf7 Rxf7 15. Bxe6 Qe8 16. Rfe1 Bc8 17. Bxf7+ Qxf7 {1-0 (44) Van Foreest,J (2682)-Huschenbeth,N (2612) Linares 2020}) 12. Qxe8 {[%emt 0:14:34] The position is equal.} Rxe8 13. d5 exd5 14. Nxd5 Be6 15. Nxe7+ Rxe7 16. Bb5 Bd7 17. Bd3 Nc6 18. Rfc1 Nb4 19. Bf1 Nbd5 20. Bd4 Rae8 21. h3 Ne4 22. Rd1 Nb4 {[%emt 0:01:28] [#]} (22... f6 $14 {should be considered.}) 23. Ne1 ({Better is} 23. Be5 $1 $16) 23... Bc6 $11 24. a3 Nd5 25. Nf3 Nd6 {[%emt 0:04:09] Against Bc4} (25... Ba4 $5 ) 26. Rac1 (26. b4 $14) 26... Bb7 (26... Ba4 $11) 27. b4 $14 Nf5 28. Bb5 Nf4 {[%emt 0:00:58] [#]} 29. Bxe8 {[%emt 0:02:51] A strong pair of Bishops.} (29. Be3 $1 $16 Nxe3 30. fxe3 Bxf3 31. gxf3 Rxe3 32. Bxe8 Rxe8 33. Re1) 29... Ne2+ 30. Kh2 $1 Nxc1 31. Bb5 Bxf3 32. Rxc1 {[%emt 0:00:11] Rc8+ would kill now.} Bb7 {[%emt 0:00:08] Prevents Rc8+.} 33. Bb2 f6 34. Rd1 Rc7 35. Rd8+ Kf7 36. Bd3 Nh4 37. f3 Ng6 38. Kg3 h6 39. a4 Ne7 40. h4 Nc6 41. Bc4+ Kg6 42. Rf8 {[%emt 0:02:12] White threatens Bd3+ and mate.} Nxb4 43. Bf7+ Kf5 (43... Rxf7 $2 44. h5+ Kxh5 45. Rxf7 $18) 44. Ba3 (44. h5 $11) 44... a5 $15 45. h5 Ke5 46. Bb2+ Kd6 47. Bg6 $1 Bc6 48. Bc1 Rb7 (48... Bxa4 $2 49. Bf4+ Kc6 50. Be4+ Kc5 51. Bxc7 $18) 49. Bf4+ Ke6 50. Kg4 {[%emt 0:00:00] White is now going downhill.} (50. Rd8 $15) 50... Bxa4 $17 51. Bf5+ Ke7 52. Rg8 Kf7 53. Rh8 {[%emt 0:00:00] [#]} (53. Rd8 $17 Nc6 54. Bg6+ Ke7 55. Re8+ Kd7 56. Rh8) 53... Nd5 $1 $19 54. Bxh6 Bd7 {[%emt 0:00:00] Strongly threatening ...Bxf5+.} 55. Bc1 Bxf5+ 56. Kxf5 {[%emt 0:00:01][%mdl 4096] Endgame KRB-KRN} b5 57. Ke4 Nc3+ 58. Kd3 b4 59. h6 Rd7+ 60. Kc4 Rc7+ 61. Kb3 $2 (61. Kd3) 61... a4+ 62. Kxb4 Na2+ 63. Kxa4 Nxc1 {[%emt 0:00:06] KRN-KR} ({And not} 63... Ra7+ 64. Kb5 Nxc1 65. Rc8 gxh6 66. Rxc1 $11) 64. Ka3 Kg6 65. hxg7 Kxg7 66. Rd8 Ne2 67. Kb3 Kf7 {[%emt 0:01:19] Hoping for ...Nf4.} 68. Rh8 {[%emt 0:00:25] Threatens to win with Rh7+.} Rc5 69. Kb4 Rc2 {[%emt 0:00:37] And now ...Ng3 would win.} 70. Rh7+ Kg6 71. Rh4 f5 72. Kb3 Rd2 {[%emt 0:00:07] aiming for ...Ng3.} 73. Kc4 Ng3 (73... Kg5 $142 74. Rh1 Ng3 75. Rg1 f4 76. Kc5 Kh4 77. Ra1 Rxg2 78. Ra4 Kg5 79. Kd5 Rd2+ 80. Kc4 Rc2+ 81. Kb4 Re2 82. Ra5+ Kh4 83. Ra8 Re3 84. Rf8 Rxf3 85. Rf7 Ne2 86. Rf8 Re3 87. Rf7 f3 88. Rf8 Kg3 89. Kb5 Rc3 90. Rg8+ Kh3 91. Rh8+ Kg3 92. Rg8+ Kh2 93. Rh8+ Kg2 94. Rg8+ Ng3 95. Ra8 f2 96. Ra2 Kf3 97. Ra1 Ne2 98. Rd1 Rc1 99. Rxc1 Nxc1 100. Kc4 f1=Q+ 101. Kd5 Qd3+ 102. Kc6 Nb3 103. Kb7 Qd7+ 104. Kb6 Kg2 105. Ka6 Qc6+ 106. Ka7 Nc5 107. Kb8 Qb7#) 74. Rh2 Kg5 75. Kc3 Rd1 76. Rh8 Kf4 77. Ra8 Ke3 {[%emt 0:00:34] Black is clearly winning.} 78. Ra2 Ne2+ 79. Kc4 Rc1+ 80. Kb4 f4 {[%emt 0:00:10] Weighted Error Value: White=0.13 (very precise) /Black=0.11 (very precise)} 0-1